 Dungeon Crawl Stone Soup version 0.23-a0-481-g60b89c1 (webtiles) character file.

123 XanderDroid the Covered (level 5, -8/37 HPs)
             Began as a Gnoll Wanderer on Nov 29, 2018.
             Killed by divine providence
             ... invoked by an orc priest
              (9 damage)
             ... on level 3 of the Dungeon.
             The game lasted 00:07:12 (1669 turns).

XanderDroid the Covered (Gnoll Wanderer)            Turns: 1669, Time: 00:07:12

Health: -8/37      AC: 11    Str: 17    XL:     5   Next: 7%
Magic:  9/9        EV:  7    Int: 14    God:
Gold:   119        SH:  8    Dex: 13    Spells: 9/10 levels left

rFire    . . .     SeeInvis .   a - +1 whip (drain)
rCold    . . .     Gourm    .   b - +0 shield (curse)
rNeg     . . .     Faith    .   g - +2 scale mail
rPois    .         Spirit   .   m - +0 helmet
rElec    .         Reflect  .   (no cloak)
rCorr    .         Harm     .   (no gloves)
MR       .....                  (no boots)
Stlth    ..........             (no amulet)
HPRegen  0.12/turn              (no ring)
MPRegen  0.11/turn              (no ring)

@: no status effects
A: distributed training, fangs 1, strong nose
a: no special abilities


You were on level 3 of the Dungeon.
You were not hungry.

You visited 1 branch of the dungeon, and saw 3 of its levels.

You collected 119 gold pieces.

Inventory:

Hand Weapons
 a - a +1 whip of draining (weapon)
Armour
 b - a cursed +0 shield (worn)
 g - a +2 scale mail (worn)
 m - a +0 helmet (worn)
Scrolls
 i - 2 scrolls of random uselessness {unknown}
 j - 2 scrolls of amnesia {unknown}
 l - a scroll of teleportation {unknown}
 q - a scroll of identify {unknown}
 s - a scroll of fear {unknown}
 t - a scroll of magic mapping {unknown}
Potions
 e - 2 potions of agility {unknown}
 f - a potion of magic {unknown}
 h - 2 potions of heal wounds {unknown}
 k - a potion of mutation {unknown}
 n - a potion of curing {unknown}
 o - 2 potions of might {unknown}
 p - a potion of invisibility {unknown}
 r - a potion of flight {unknown}
Comestibles
 c - 4 chunks of flesh
 d - 3 rations


   Skills:
 + Level 1.3 Fighting
 + Level 1.3 Short Blades
 + Level 1.3 Long Blades
 + Level 4.7 Axes
 + Level 1.3 Maces & Flails
 + Level 1.3 Polearms
 + Level 1.3 Staves
 + Level 1.3 Slings
 + Level 1.3 Bows
 + Level 1.3 Crossbows
 + Level 1.3 Throwing
 + Level 6.6 Armour
 + Level 1.3 Dodging
 + Level 1.3 Stealth
 + Level 1.3 Shields
 + Level 1.3 Unarmed Combat
 + Level 3.1 Spellcasting
 + Level 1.0 Conjurations
 + Level 1.0 Hexes
 + Level 1.0 Charms
 + Level 1.0 Summonings
 + Level 1.0 Necromancy
 + Level 1.0 Translocations
 + Level 1.0 Transmutations
 + Level 1.0 Fire Magic
 + Level 1.0 Ice Magic
 + Level 1.0 Air Magic
 + Level 3.9 Earth Magic
 + Level 1.0 Poison Magic
 + Level 1.4 Invocations
 + Level 4.7 Evocations


You had 9 spell levels left.
You knew the following spells:

 Your Spells              Type           Power        Failure   Level  Hunger
a - Confusing Touch       Hex            #.....       94%         1    #......

Your spell library contained the following spells:

 Spells                   Type           Power        Failure   Level  Hunger
 Summon Guardian Golem    Hex/Summ       #.......     100%        3    ###....


Dungeon Overview and Level Annotations

Branches:
Dungeon (3/15)

Altars:
Kikubaaqudgha


Innate Abilities, Weirdness & Mutations

Your experience applies equally to all skills.
You have very sharp teeth.
Your uncanny sense of smell can sniff out nearby items.


Message History

You block the bat's attack.
An orc comes into view. It is wielding a +0 short sword.
The bat barely misses you.
An orc comes into view. It is wielding a +0 trident.
You block the bullfrog skeleton's attack.
You block the bat's attack. You block the orc's attack.
The orc priest invokes the aid of Beogh against you.
Pain shoots through your body!
* * * LOW HITPOINT WARNING * * *
You closely miss the bat.
The bat is moderately wounded.
The bat hits you but does no damage.
You block the bullfrog skeleton's attack.
The orc hits you but does no damage. The hobgoblin hits you with a +0 club.
* * * LOW HITPOINT WARNING * * *
The bullfrog skeleton barely misses you.
The bat hits you but does no damage.
The orc priest mumbles some strange prayers to Beogh against you.
Beogh smites you!
You die...

#....#
#....#
#....# ###
#....+ ....
#....###....
#...<.......
#...........
#...@o..o...
#...b...o...
#..gZo.o....
#..KO.......
#....###....
#..%.# ....
##.### ...
#.# ## #.#


You could see an ogre, an orc priest, 4 orcs, a hobgoblin, a bat, a kobold and a
bullfrog skeleton.

Vanquished Creatures
  Robin (D:2)
  3 adders (D:2)
  2 oozes (D:1)
  A worm (D:2)
  5 dart slugs
  2 leopard geckos (D:1)
  2 giant cockroaches
  19 goblins
  10 hobgoblins
  6 kobolds
  A bat (D:2)
  3 frilled lizards
  4 rats (D:1)
59 creatures vanquished.

Notes
Turn   | Place    | Note
-------+----------+-------------------------------------------
     0 | D:1      | XanderDroid the Gnoll Wanderer began the quest for the Orb.
     0 | D:1      | XanderDroid set off with the following items: a +2 scale
                  | mail, a +0 club, a ration; and the following spell
                  | memorised: Confusing Touch; and the following spells
                  | available to memorise: Summon Guardian Golem
     0 | D:1      | Reached XP level 1. HP: 13/13 MP: 4/4
    99 | D:1      | Reached XP level 2. HP: 15/20 MP: 5/5
   261 | D:1      | Reached XP level 3. HP: 24/25 MP: 7/7
   534 | D:1      | Reached skill level 1 in Invocations
   940 | D:1      | Reached skill level 1 in Fighting
   940 | D:1      | Reached skill level 1 in Short Blades
   940 | D:1      | Reached skill level 1 in Long Blades
   940 | D:1      | Reached skill level 1 in Maces & Flails
   940 | D:1      | Reached skill level 1 in Polearms
   940 | D:1      | Reached skill level 1 in Staves
   940 | D:1      | Reached skill level 1 in Slings
   940 | D:1      | Reached skill level 1 in Bows
   940 | D:1      | Reached skill level 1 in Crossbows
   940 | D:1      | Reached skill level 1 in Throwing
   940 | D:1      | Reached skill level 1 in Dodging
   940 | D:1      | Reached skill level 1 in Stealth
   940 | D:1      | Reached skill level 1 in Shields
   940 | D:1      | Reached skill level 1 in Unarmed Combat
   997 | D:1      | Reached XP level 4. HP: 31/32 MP: 8/8
  1029 | D:2      | Noticed Robin
  1190 | D:2      | Killed Robin
  1258 | D:2      | Found an ancient bone altar of Kikubaaqudgha.
  1371 | D:2      | Reached skill level 1 in Conjurations
  1371 | D:2      | Reached skill level 1 in Hexes
  1371 | D:2      | Reached skill level 1 in Charms
  1371 | D:2      | Reached skill level 1 in Summonings
  1371 | D:2      | Reached skill level 1 in Necromancy
  1371 | D:2      | Reached skill level 1 in Translocations
  1371 | D:2      | Reached skill level 1 in Transmutations
  1371 | D:2      | Reached skill level 1 in Fire Magic
  1371 | D:2      | Reached skill level 1 in Ice Magic
  1371 | D:2      | Reached skill level 1 in Air Magic
  1371 | D:2      | Reached skill level 1 in Poison Magic
  1503 | D:2      | Reached XP level 5. HP: 33/37 MP: 9/9
  1634 | D:3      | Noticed an ogre
  1668 | D:3      | HP: 1/37 [hobgoblin/+0 club (1)]
  1669 | D:3      | Killed from afar by an orc priest

Vault maps used:
D:1:      dpeg_arrival_solitude
D:2:      lemuel_round_altar, uniq_robin
D:3:      first_ration

Skill      XL: |  1  2  3  4 |
---------------+-------------+-----
Invocations    | 1 |  1.4
Fighting       | 1 |  1.3
Short Blades   | 1 |  1.3
Long Blades    | 1 |  1.3
Maces & Flails | 1 |  1.3
Polearms       | 1 |  1.3
Staves         | 1 |  1.3
Slings         | 1 |  1.3
Bows           | 1 |  1.3
Crossbows      | 1 |  1.3
Throwing       | 1 |  1.3
Dodging        | 1 |  1.3
Stealth        | 1 |  1.3
Shields        | 1 |  1.3
Unarmed Combat | 1 |  1.3
Spellcasting   | 3 |  3.1
Conjurations   | 1 |  1.0
Hexes          | 1 |  1.0
Charms         | 1 |  1.0
Summonings     | 1 |  1.0
Necromancy     | 1 |  1.0
Translocations | 1 |  1.0
Transmutations | 1 |  1.0
Fire Magic     | 1 |  1.0
Ice Magic      | 1 |  1.0
Air Magic      | 1 |  1.0
Poison Magic   | 1 |  1.0
Axes           | |  4.7
Armour         | |  6.6
Earth Magic    | |  3.9
Evocations     | |  4.7

Action                   |  1- 3 |  4- 6 || total
-------------------------+-------+-------++-------
Melee: Club              |     7 |       ||     7
       Whip              |   116 |    70 ||   186
       Bite              |    11 |     8 ||    19
  Eat: Chunk             |     1 |     2 ||     3
Armor: Scale mail        |    60 |    35 ||    95
Dodge: Dodged            |    31 |    30 ||    61
Block: Shield            |    44 |    44 ||    88

Table legend:
 A = Non-vault XP
 B = Vault XP
 C = Vault XP percentage of total XP
 D = Non-vault monster count
 E = Vault monster count
 F = Vault count percentage of total count
                 A         B        C        D         E       F
            +---------+---------+-------+---------+---------+-------
      Total |     139 |      38 |  21.5 |      46 |      13 |  22.0
            +---------+---------+-------+---------+---------+-------
        D:1 |      71 |      21 |  22.8 |      30 |      11 |  26.8
        D:2 |      68 |      17 |  20.0 |      16 |       2 |  11.1
            +---------+---------+-------+---------+---------+-------
